[Event "72nd RUS-ch Higher League 2019"]
[Site "Yaroslavl"]
[Date "2019.06.30"]
[Round "4.20"]
[White "Belozerov, Andrei"]
[Black "Rychkov, Oleg"]
[Result "1-0"]
[ECO "B33"]
[WhiteElo "2533"]
[BlackElo "2409"]
[Annotator "ChessBase"]
[PlyCount "73"]
[EventDate "2019.06.27"]
[EventType "swiss"]
[EventCountry "RUS"]
[SourceTitle "playchess.com"]
[Source "ChessBase"]
[SourceQuality "1"]
[TimeControl "40/5400+30:1800+30"]

1. e4 c5 2. Nf3 Nc6 3. d4 cxd4 4. Nxd4 Nf6 5. Nc3 e5 6. Ndb5 d6 7. Bg5 a6 8. Na3 b5 9. Nd5 Be7 10. Bxf6 Bxf6 11. c3 O-O 12. Nc2 Bg5 13. a4 bxa4 14. Rxa4 a5 15. Bc4 Rb8 16. b3 Kh8 17. Nce3 g6 18. h4 Bxh4 19. g3 Bg5 20. f4 exf4 21. gxf4 Bh4+ 22. Kf1 f5 23. Ra2 fxe4 24. Rah2 g5 25. Qh5 Ne5 26. Ke2 Nxc4 27. fxg5 Nxe3 28. Rxh4 Rb7 29. Kxe3 Rf3+ 30. Kxe4 Rff7 31. g6 Bf5+ 32. Qxf5 Rxf5 33. Rxh7+ Rxh7 34. Rxh7+ Kg8 35. Kxf5 Qc8+ 36. Kf6 Qf8+ 37. Rf7 1-0

[Event "72nd RUS-ch Higher League 2019"]
[Site "Yaroslavl"]
[Date "2019.06.30"]
[Round "4.22"]
[White "Lesovoi, Evgenij"]
[Black "Alekseenko, Kirill"]
[Result "0-1"]
[ECO "D30"]
[WhiteElo "2366"]
[BlackElo "2650"]
[Annotator "RC"]
[PlyCount "70"]
[EventDate "2019.06.27"]
[EventType "swiss"]
[EventCountry "RUS"]
[SourceTitle "playchess.com"]
[Source "ChessBase"]
[SourceQuality "1"]
[TimeControl "40/5400+30:1800+30"]

1. d4 Nf6 2. Nf3 e6 3. c4 d5 4. Bg5 dxc4 5. Qa4+ Nbd7 6. Qxc4 a6 7. e4 h6 8. Bxf6 Nxf6 9. Nbd2 b5 10. Qc2 Bb7 11. Bd3 Bb4 12. a3 Bxd2+ 13. Kxd2 c5 14. dxc5 Bxe4 15. Ke2 Bd5 16. Rhd1 Qc7 17. g3 O-O 18. Nd2 Qe5+ 19. Kf1 Qh5 20. Kg1 Ng4 21. Nf1 Bf3 22. Be2 Nxh2 23. Bxf3 Nxf3+ 24. Kg2 Ng5 25. Qd3 e5 26. Nh2 e4 27. Qe3 f5 28. Qf4 Nh3 29. Qh4 Qxh4 30. gxh4 Nf4+ 31. Kg3 Nd3 32. b4 f4+ 33. Kg2 Rad8 34. Ra2 f3+ 35. Kg1 Nxf2 0-1

[Event "72nd RUS-ch Higher League 2019"]
[Site "Yaroslavl"]
[Date "2019.06.30"]
[Round "4.24"]
[White "Ibadov, Dashgyn"]
[Black "Khanin, Semen"]
[Result "0-1"]
[ECO "B34"]
[WhiteElo "2298"]
[BlackElo "2529"]
[Annotator "ChessBase"]
[PlyCount "62"]
[EventDate "2019.06.27"]
[EventType "swiss"]
[EventCountry "RUS"]
[SourceTitle "playchess.com"]
[Source "ChessBase"]
[SourceQuality "1"]
[TimeControl "40/5400+30:1800+30"]

1. e4 c5 2. Nf3 Nc6 3. d4 cxd4 4. Nxd4 g6 5. Nc3 Bg7 6. Be3 Nf6 7. Nxc6 bxc6 8. e5 Ng8 9. Bd4 Qa5 10. Bc4 Bxe5 11. O-O f6 12. Re1 Nh6 13. Bxe5 fxe5 14. Qd2 Ng4 15. Qg5 d6 16. Ne4 Rf8 17. Rad1 Bf5 18. Bb3 Qb6 19. Rd2 Bxe4 20. Qxg4 Bf5 21. Qh4 h5 22. Re3 Rf6 23. h3 a5 24. Ba4 Bd7 25. Rb3 Qc5 26. Qe4 Kf7 27. Rb7 Rf4 28. Qe2 Bc8 29. Bb3+ Ke8 30. g3 Rf6 31. Rc7 Qb6 0-1

[Event "72nd RUS-ch Higher League 2019"]
[Site "Yaroslavl"]
[Date "2019.06.30"]
[Round "4.25"]
[White "Samojlov, Anton"]
[Black "Mirzaev, Aziz"]
[Result "1-0"]
[ECO "B90"]
[WhiteElo "2350"]
[BlackElo "2433"]
[Annotator "NA"]
[PlyCount "53"]
[EventDate "2019.06.27"]
[EventType "swiss"]
[EventCountry "RUS"]
[SourceTitle "playchess.com"]
[Source "ChessBase"]
[SourceQuality "1"]
[TimeControl "40/5400+30:1800+30"]

1. e4 c5 2. Nc3 d6 3. Nf3 a6 4. d4 cxd4 5. Nxd4 Nf6 6. Qf3 Nbd7 7. Be3 Qc7 8. O-O-O e6 9. Qg3 b5 10. a3 Bb7 11. f3 Rc8 12. Bxb5 axb5 13. Ndxb5 Qa5 14. Rd4 e5 15. Ra4 Qd8 16. Ra7 Rb8 17. Rd1 Nb6 18. f4 exf4 19. Qxf4 Nc4 20. Bc5 g5 21. Qf1 d5 22. Nxd5 Nxd5 23. Qxc4 Qc8 24. Rxd5 Bxd5 25. Qxd5 Rxb5 26. Qxf7+ Kd8 27. Be7+ 1-0

[Event "72nd RUS-ch Higher League 2019"]
[Site "Yaroslavl"]
[Date "2019.06.30"]
[Round "4.26"]
[White "Kardashevskiy, Evgeny"]
[Black "Sadovsky, Artem"]
[Result "1-0"]
[ECO "D17"]
[WhiteElo "2429"]
[BlackElo "2416"]
[Annotator "NA"]
[PlyCount "93"]
[EventDate "2019.06.27"]
[EventType "swiss"]
[EventCountry "RUS"]
[SourceTitle "playchess.com"]
[Source "ChessBase"]
[SourceQuality "1"]
[TimeControl "40/5400+30:1800+30"]

1. d4 d5 2. Nf3 Nf6 3. c4 c6 4. Nc3 dxc4 5. a4 Bf5 6. Ne5 e6 7. f3 Bb4 8. e4 Nxe4 9. fxe4 Qh4+ 10. Ke2 Bxc3 11. bxc3 Nd7 12. Nf3 Qxe4+ 13. Kf2 Qd5 14. Nd2 Ne5 15. Qe1 Nd3+ 16. Bxd3 Bxd3 17. Qe5 f6 18. Qg3 O-O 19. Ba3 Rf7 20. Rhe1 e5 21. dxe5 fxe5+ 22. Kg1 e4 23. Qe3 Re8 24. Qxa7 b5 25. Qe3 bxa4 26. Bb4 Rd7 27. Ra2 Re5 28. Rxa4 c5 29. Ra5 Rc7 30. Ba3 h6 31. Nf1 Bc2 32. Qd2 Bd3 33. Ne3 Qe6 34. h3 Rg5 35. Ng4 Kh7 36. Bc1 Rf7 37. Qe3 Rgf5 38. Rxc5 Rf1+ 39. Rxf1 Rxf1+ 40. Kh2 Qd6+ 41. Re5 h5 42. Qg3 Qg6 43. Rg5 Qf7 44. Ne5 Qf6 45. Rxh5+ Kg8 46. Be3 Rb1 47. Qg4 1-0

[Event "72nd RUS-ch Higher League 2019"]
[Site "Yaroslavl"]
[Date "2019.06.30"]
[Round "4.27"]
[White "Nesterov, Arseniy"]
[Black "Truskavetsky, Alexandr"]
[Result "0-1"]
[ECO "A05"]
[WhiteElo "2423"]
[BlackElo "2398"]
[Annotator "NA"]
[PlyCount "146"]
[EventDate "2019.06.27"]
[EventType "swiss"]
[EventCountry "RUS"]
[SourceTitle "playchess.com"]
[Source "ChessBase"]
[SourceQuality "1"]
[TimeControl "40/5400+30:1800+30"]

1. Nf3 Nf6 2. c4 c5 3. Nc3 g6 4. g3 Bg7 5. Bg2 O-O 6. d4 cxd4 7. Nxd4 Nc6 8. O-O d6 9. Nxc6 bxc6 10. Bxc6 Rb8 11. Bg2 Qa5 12. Nb5 Bb7 13. Bxb7 Rxb7 14. Bd2 Qa6 15. Bc3 Rc8 16. b3 d5 17. a4 dxc4 18. Rc1 Rd7 19. Qc2 Qe6 20. Bxf6 Bxf6 21. bxc4 a6 22. Na3 Rc5 23. Rfd1 Rdc7 24. Rb1 h5 25. Rd3 h4 26. Rb8+ Kh7 27. Qd2 hxg3 28. Rxg3 Be5 29. Rd3 Rc8 30. Rxc8 Rxc8 31. Qe3 Kg7 32. c5 Qg4+ 33. Kh1 Bf6 34. f4 Qf5 35. Nc4 Rxc5 36. Ne5 Rc2 37. Rd5 Ra2 38. a5 Qb1+ 39. Kg2 Qb7 40. Qf3 Rxe2+ 41. Kg3 Ra2 42. Ng4 Qb2 43. Rd3 Rxa5 44. Rb3 Qd4 45. Qe3 Qxe3+ 46. Nxe3 Rc5 47. Kf3 a5 48. Ke4 e6 49. Rb7 Rh5 50. Nc4 Rd5 51. Ke3 a4 52. Rb4 a3 53. Nxa3 Be7 54. Ra4 Bc5+ 55. Ke2 Rh5 56. Nc4 Rxh2+ 57. Kd3 Rh3+ 58. Ke2 Rc3 59. Ne5 Bd6 60. Nd3 Rc7 61. Ke3 f5 62. Ra6 Rd7 63. Ne5 Bxe5 64. fxe5 Kf7 65. Kf4 Rd4+ 66. Kg5 Rg4+ 67. Kh6 Rh4+ 68. Kg5 Rh5+ 69. Kf4 g5+ 70. Kg3 Rh8 71. Rb6 Re8 72. Ra6 Re7 73. Kf3 Rd7 0-1

[Event "72nd RUS-ch Higher League 2019"]
[Site "Yaroslavl"]
[Date "2019.06.30"]
[Round "4.28"]
[White "Vlasenko, Miroslav"]
[Black "Drygalov, Sergey"]
[Result "1-0"]
[ECO "D11"]
[WhiteElo "2417"]
[BlackElo "2492"]
[Annotator "ChessBase"]
[PlyCount "77"]
[EventDate "2019.06.27"]
[EventType "swiss"]
[EventCountry "RUS"]
[SourceTitle "playchess.com"]
[Source "ChessBase"]
[SourceQuality "1"]
[TimeControl "40/5400+30:1800+30"]

1. d4 d5 2. c4 c6 3. Nf3 Nf6 4. Qb3 dxc4 5. Qxc4 Bg4 6. Nbd2 Nbd7 7. g3 e6 8. Bg2 Be7 9. O-O O-O 10. Qb3 Qb6 11. Nc4 Qa6 12. Re1 Rad8 13. Bd2 Nb6 14. Nce5 Bf5 15. e3 Ne4 16. Bb4 Bxb4 17. Qxb4 Nd5 18. Qb3 h6 19. Nc4 c5 20. Bf1 Rb8 21. a4 Nb6 22. Nd6 Qa5 23. Nxf5 exf5 24. Qb5 Qb4 25. Qxb4 cxb4 26. a5 Nd5 27. Bc4 Rfd8 28. Rec1 Rbc8 29. Bb3 Nef6 30. Ne5 Kf8 31. Kf1 Ke7 32. a6 b6 33. Nc6+ Rxc6 34. Rxc6 g6 35. Rac1 h5 36. Rc8 g5 37. R1c6 Rd7 38. Ba4 Ne4 39. Rh6 1-0

[Event "72nd RUS-ch Higher League 2019"]
[Site "Yaroslavl"]
[Date "2019.06.30"]
[Round "4.29"]
[White "Airapetian, Gor"]
[Black "Bykov, Oleg"]
[Result "1-0"]
[ECO "E15"]
[WhiteElo "2442"]
[BlackElo "2401"]
[Annotator "NA"]
[PlyCount "105"]
[EventDate "2019.06.27"]
[EventType "swiss"]
[EventCountry "RUS"]
[SourceTitle "playchess.com"]
[Source "ChessBase"]
[SourceQuality "1"]
[TimeControl "40/5400+30:1800+30"]

1. d4 Nf6 2. c4 e6 3. Nf3 b6 4. g3 Bb4+ 5. Bd2 Be7 6. Bg2 c6 7. O-O O-O 8. Bf4 d5 9. Nc3 Bb7 10. Rc1 dxc4 11. Ne5 Nd5 12. Nxc4 Nxf4 13. gxf4 Nd7 14. Ne4 Qc7 15. e3 Rfd8 16. Qh5 f6 17. Rfd1 Rac8 18. Bf3 Nf8 19. f5 Rd5 20. Ng3 g6 21. Qh6 exf5 22. Bxd5+ cxd5 23. Nd2 Qxc1 24. Rxc1 Rxc1+ 25. Kg2 Ne6 26. Ndf1 Ba6 27. Nd2 Bd3 28. Qh4 Kg7 29. Nf3 Bd8 30. Ng1 Bc7 31. N3e2 Rc2 32. Nc3 f4 33. e4 dxe4 34. Nd5 f3+ 35. Kh1 Bd8 36. Qg3 Bf1 37. h4 Bg2+ 38. Kh2 Rd2 39. Qd6 Rxd4 40. Nxf3 exf3 41. Qxe6 Rxd5 42. Qxd5 Bc7+ 43. Kg1 Bf4 44. Qb7+ Kh6 45. Qxa7 g5 46. Qxb6 Kg6 47. Qd4 h5 48. Qe4+ Kg7 49. Qf5 Be5 50. hxg5 h4 51. gxf6+ Bxf6 52. a4 h3 53. a5 1-0

[Event "72nd RUS-ch Higher League 2019"]
[Site "Yaroslavl"]
[Date "2019.07.01"]
[Round "5.1"]
[White "Predke, Alexandr"]
[Black "Paravyan, David"]
[Result "1-0"]
[ECO "E10"]
[WhiteElo "2632"]
[BlackElo "2605"]
[Annotator "ChessBase"]
[PlyCount "105"]
[EventDate "2019.06.27"]
[EventType "swiss"]
[EventCountry "RUS"]
[SourceTitle "playchess.com"]
[Source "ChessBase"]
[SourceQuality "1"]
[TimeControl "40/5400+30:1800+30"]

1. d4 Nf6 2. c4 e6 3. Nf3 d5 4. Qc2 Bb4+ 5. Bd2 a5 6. a3 Bxd2+ 7. Nbxd2 O-O 8. e4 dxe4 9. Nxe4 Nxe4 10. Qxe4 c5 11. O-O-O cxd4 12. Nxd4 Qf6 13. Bd3 g6 14. Rhe1 Bd7 15. Bc2 Na6 16. Qe5 Qxe5 17. Rxe5 Rfc8 18. Rxa5 Rxc4 19. b3 Rcc8 20. Kb2 b6 21. Re5 Nc5 22. f4 Rd8 23. Re2 h5 24. Red2 Be8 25. Ne2 Rdc8 26. Nc3 Kf8 27. Ne4 Nxe4 28. Bxe4 Rab8 29. a4 Ke7 30. Rd4 Rd8 31. Rxd8 Rxd8 32. Rxd8 Kxd8 33. h4 Kc7 34. Kc3 Kd6 35. Kd4 f6 36. g3 e5+ 37. fxe5+ fxe5+ 38. Kc4 Bf7+ 39. Kc3 Be8 40. Kc4 Bf7+ 41. Kb4 Be8 42. Kc3 Ke6 43. Bc2 Kf6 44. b4 g5 45. a5 bxa5 46. bxa5 Bb5 47. Bd3 Bc6 48. a6 e4 49. Be2 gxh4 50. gxh4 Ke5 51. Bxh5 Kf4 52. Bd1 e3 53. h5 1-0

[Event "72nd RUS-ch Higher League 2019"]
[Site "Yaroslavl"]
[Date "2019.07.01"]
[Round "5.2"]
[White "Esipenko, Andrey"]
[Black "Chigaev, Maksim"]
[Result "1/2-1/2"]
[ECO "C54"]
[WhiteElo "2611"]
[BlackElo "2640"]
[Annotator "ChessBase"]
[PlyCount "59"]
[EventDate "2019.06.27"]
[EventType "swiss"]
[EventCountry "RUS"]
[SourceTitle "playchess.com"]
[Source "ChessBase"]
[SourceQuality "1"]
[TimeControl "40/5400+30:1800+30"]

1. e4 e5 2. Nf3 Nc6 3. Bc4 Bc5 4. c3 Nf6 5. d3 d6 6. O-O h6 7. Re1 O-O 8. h3 a5 9. Nbd2 a4 10. Bb5 Bd7 11. Nf1 Ne7 12. Bxd7 Qxd7 13. Ng3 Ng6 14. d4 Bb6 15. Be3 Rfe8 16. Qc2 Qc6 17. Rad1 exd4 18. Nxd4 Qc4 19. b3 axb3 20. axb3 Qa6 21. c4 Qa2 22. Qxa2 Rxa2 23. Nb5 Bxe3 24. Rxe3 Rc8 25. Nf5 Kf8 26. Nc3 Ra3 27. Nb5 Ra2 28. Nc3 Ra3 29. Nb5 Ra2 30. Nc3 1/2-1/2

[Event "72nd RUS-ch Higher League 2019"]
[Site "Yaroslavl"]
[Date "2019.07.01"]
[Round "5.3"]
[White "Iljiushenok, Ilia"]
[Black "Khismatullin, Denis"]
[Result "1/2-1/2"]
[ECO "B94"]
[WhiteElo "2549"]
[BlackElo "2618"]
[Annotator "ChessBase"]
[PlyCount "126"]
[EventDate "2019.06.27"]
[EventType "swiss"]
[EventCountry "RUS"]
[SourceTitle "playchess.com"]
[Source "ChessBase"]
[SourceQuality "1"]
[TimeControl "40/5400+30:1800+30"]

1. e4 c5 2. Nf3 d6 3. d4 cxd4 4. Nxd4 Nf6 5. Nc3 a6 6. Bg5 Nbd7 7. Bc4 Qb6 8. Bb3 e6 9. Qd2 Nc5 10. Bxf6 gxf6 11. O-O-O Bd7 12. Kb1 O-O-O 13. f4 Kb8 14. f5 Rc8 15. Rhf1 Qd8 16. Qe3 h5 17. a3 Nxb3 18. Nxb3 Be7 19. Rd2 h4 20. Qh3 Rh5 21. Nd4 Rc5 22. Rfd1 Bc8 23. Rd3 Qe8 24. g4 Rh8 25. Qf3 Bd7 26. h3 Qd8 27. Nde2 Qf8 28. Nf4 Qh6 29. Nce2 Rhc8 30. R3d2 Ba4 31. Nc3 Bd7 32. Nce2 Ba4 33. Nc3 Bd7 34. Nce2 Qg5 35. Nd3 Rc4 36. Ndf4 R4c5 37. Nd3 Rc4 38. Ndf4 Bf8 39. Nc3 R8c6 40. Nfe2 Rc7 41. Rd4 R4c5 42. R4d3 Be7 43. Qf2 Qh6 44. Nf4 Rc4 45. Ng2 Qf8 46. Nxh4 Qh6 47. Ng2 Rxc3 48. bxc3 Bb5 49. Rf3 Rc6 50. Nf4 Bc4 51. Qe3 Bd8 52. Nd5 Qf8 53. fxe6 fxe6 54. Nxf6 Bxf6 55. g5 d5 56. Kb2 Bxc3+ 57. Qxc3 Qd6 58. Qh8+ Rc8 59. Qg7 Be2 60. Rb3 Rc7 61. Qh8+ Rc8 62. Qg7 Rc7 63. Qh8+ Rc8 1/2-1/2

[Event "72nd RUS-ch Higher League 2019"]
[Site "Yaroslavl"]
[Date "2019.07.01"]
[Round "5.9"]
[White "Popov, Ivan"]
[Black "Zvjaginsev, Vadim"]
[Result "1/2-1/2"]
[ECO "B31"]
[WhiteElo "2599"]
[BlackElo "2644"]
[Annotator "ChessBase"]
[PlyCount "84"]
[EventDate "2019.06.27"]
[EventType "swiss"]
[EventCountry "RUS"]
[SourceTitle "playchess.com"]
[Source "ChessBase"]
[SourceQuality "1"]
[TimeControl "40/5400+30:1800+30"]

1. e4 c5 2. Nf3 Nc6 3. Bb5 g6 4. Bxc6 bxc6 5. O-O Bg7 6. Re1 Rb8 7. c3 Nf6 8. e5 Nd5 9. c4 Nc7 10. d4 cxd4 11. Qxd4 Ne6 12. Qxa7 Qb6 13. Qxb6 Rxb6 14. b3 O-O 15. Nc3 Ra6 16. Bb2 Bb7 17. Rad1 Rd8 18. Nd4 Nf8 19. Na4 Ra5 20. Nc2 Rda8 21. Bc3 Rxa4 22. bxa4 Rxa4 23. Ne3 Ba6 24. f4 h5 25. g3 Kh7 26. Rd2 c5 27. Rd5 Bxc4 28. Rxc5 Bxa2 29. Ra5 Rxa5 30. Bxa5 f6 31. exf6 Bxf6 32. Rd1 Kg7 33. Nd5 Kf7 34. Nxf6 Kxf6 35. Bc3+ Kf7 36. Kf2 Be6 37. Ra1 d6 38. Ra7 Bh3 39. Ke3 Nd7 40. Bb4 Bf5 41. Kd4 Bg4 42. Kd5 Bf3+ {[%emt 0:00:07] Ke4} 1/2-1/2

[Event "72nd RUS-ch Higher League 2019"]
[Site "Yaroslavl"]
[Date "2019.07.01"]
[Round "5.10"]
[White "Frolyanov, Dmitry"]
[Black "Lysyj, Igor"]
[Result "1/2-1/2"]
[ECO "C78"]
[WhiteElo "2538"]
[BlackElo "2623"]
[Annotator "ChessBase"]
[PlyCount "80"]
[EventDate "2019.06.27"]
[EventType "swiss"]
[EventCountry "RUS"]
[SourceTitle "playchess.com"]
[Source "ChessBase"]
[SourceQuality "1"]
[TimeControl "40/5400+30:1800+30"]

1. e4 e5 2. Nf3 Nc6 3. Bb5 a6 4. Ba4 Nf6 5. O-O Bc5 6. c3 O-O 7. d4 Ba7 8. dxe5 Nxe4 9. Bc2 d5 10. exd6 Nxd6 11. Bg5 f6 12. Bf4 g5 13. Bg3 f5 14. Qd3 Qf6 15. Nbd2 g4 16. Ne1 Rd8 17. Bf4 Ne5 18. Qg3 Ng6 19. Bb3+ Kg7 20. Nd3 Ne4 21. Nxe4 fxe4 22. Be5 Nxe5 23. Nxe5 h5 24. h4 c6 25. Rae1 Bf5 26. Nf7 Rd3 27. Qf4 g3 28. Ne5 gxf2+ 29. Rxf2 Bxf2+ 30. Kxf2 Rdd8 31. Kg1 Re8 32. Qg3+ Bg6 33. Rf1 Rxe5 34. Rxf6 Kxf6 35. Qf4+ Rf5 36. Qd6+ Kg7 37. Qd7+ Kh6 38. Qd2+ Kg7 39. Qd7+ Kh6 40. Qd2+ Kg7 1/2-1/2

[Event "72nd RUS-ch Higher League 2019"]
[Site "Yaroslavl"]
[Date "2019.07.01"]
[Round "5.11"]
[White "Grachev, Boris"]
[Black "Belozerov, Andrei"]
[Result "1/2-1/2"]
[ECO "A05"]
[WhiteElo "2621"]
[BlackElo "2533"]
[Annotator "ChessBase"]
[PlyCount "81"]
[EventDate "2019.06.27"]
[EventType "swiss"]
[EventCountry "RUS"]
[SourceTitle "playchess.com"]
[Source "ChessBase"]
[SourceQuality "1"]
[TimeControl "40/5400+30:1800+30"]

1. Nf3 Nf6 2. c4 g6 3. Nc3 Bg7 4. g3 O-O 5. Bg2 d6 6. O-O e5 7. d4 Nbd7 8. Qc2 c6 9. Rd1 Qe7 10. e4 exd4 11. Nxd4 Re8 12. Bf4 Ne5 13. b3 a6 14. h3 Rb8 15. Qd2 c5 16. Nde2 b5 17. cxb5 axb5 18. Qxd6 Qxd6 19. Rxd6 b4 20. Na4 Nh5 21. Rad1 c4 22. Be3 Be6 23. Nd4 Bf8 24. Ra6 Rbd8 25. Rc1 Nd3 26. Nxe6 Rxe6 27. Rxe6 Nxc1 28. Rc6 cxb3 29. axb3 Nxb3 30. Nb6 Nd4 31. Bxd4 Rxd4 32. Nd5 b3 33. Rb6 Rd1+ 34. Kh2 Bc5 35. Rxb3 Bxf2 36. h4 Bd4 37. Bf3 Rd2+ 38. Kh3 Nf6 39. Nxf6+ Bxf6 40. h5 Kg7 41. hxg6 1/2-1/2

[Event "72nd RUS-ch Higher League 2019"]
[Site "Yaroslavl"]
[Date "2019.07.01"]
[Round "5.12"]
[White "Rakhmanov, Aleksandr"]
[Black "Bocharov, Ivan"]
[Result "1/2-1/2"]
[ECO "D12"]
[WhiteElo "2615"]
[BlackElo "2559"]
[Annotator "ChessBase"]
[PlyCount "66"]
[EventDate "2019.06.27"]
[EventType "swiss"]
[EventCountry "RUS"]
[SourceTitle "playchess.com"]
[Source "ChessBase"]
[SourceQuality "1"]
[TimeControl "40/5400+30:1800+30"]

1. Nf3 d5 2. d4 Nf6 3. c4 c6 4. e3 Bf5 5. Nc3 a6 6. Ne5 Nbd7 7. Qb3 Qc7 8. cxd5 Nxe5 9. dxe5 Nxd5 10. Nxd5 cxd5 11. Bd2 e6 12. Rc1 Qd7 13. Be2 Be7 14. Ba5 Rc8 15. Rxc8+ Qxc8 16. Kd2 d4 17. Rc1 dxe3+ 18. fxe3 Qd7+ 19. Ke1 O-O 20. Rc7 Qe8 21. Bb4 Bxb4+ 22. Qxb4 b5 23. Qd4 Qb8 24. Rd7 b4 25. e4 Bg6 26. h4 Qc8 27. Bf3 Qc1+ 28. Kf2 h5 29. Kg3 Qe1+ 30. Kh3 Qh1+ 31. Kg3 Qe1+ 32. Kh3 Qh1+ 33. Kg3 Qe1+ 1/2-1/2

[Event "72nd RUS-ch Higher League 2019"]
[Site "Yaroslavl"]
[Date "2019.07.01"]
[Round "5.15"]
[White "Alekseev, Evgeny"]
[Black "Kardashevskiy, Evgeny"]
[Result "1-0"]
[ECO "A05"]
[WhiteElo "2645"]
[BlackElo "2429"]
[Annotator "ChessBase"]
[PlyCount "103"]
[EventDate "2019.06.27"]
[EventType "swiss"]
[EventCountry "RUS"]
[SourceTitle "playchess.com"]
[Source "ChessBase"]
[SourceQuality "1"]
[TimeControl "40/5400+30:1800+30"]

1. Nf3 Nf6 2. g3 e6 3. Bg2 d5 4. O-O c5 5. c4 d4 6. e3 Nc6 7. exd4 cxd4 8. d3 h6 9. Na3 Bxa3 10. bxa3 O-O 11. Re1 Re8 12. Bf4 Nd7 13. Bd6 Nb6 14. c5 Nd5 15. Qa4 Bd7 16. Nxd4 Nxd4 17. Qxd4 Bc6 18. Rab1 b6 19. Rec1 Qd7 20. Be5 f6 21. Bd6 Rac8 22. Qg4 bxc5 23. Bxc5 Ne7 24. Qd4 Qxd4 25. Bxd4 Bxg2 26. Kxg2 a6 27. a4 Rxc1 28. Rxc1 Rd8 29. Bc5 Rc8 30. d4 Nc6 31. Rb1 Rb8 32. Rb3 Kf7 33. Kf3 h5 34. h3 g5 35. Ke4 f5+ 36. Kd3 Ke8 37. Rxb8+ Nxb8 38. d5 Nd7 39. Be3 Ne5+ 40. Kc3 Nf3 41. dxe6 Ke7 42. Kb4 Kxe6 43. Ka5 Kd7 44. Kxa6 Kc8 45. Ka7 h4 46. gxh4 gxh4 47. a5 Ng1 48. a6 Ne2 49. Kb6 Kb8 50. f4 Nc3 51. Kc6 Nxa2 52. Bd2 1-0

[Event "72nd RUS-ch Higher League 2019"]
[Site "Yaroslavl"]
[Date "2019.07.01"]
[Round "5.16"]
[White "Khanin, Semen"]
[Black "Petrov, Nikita"]
[Result "1/2-1/2"]
[ECO "C65"]
[WhiteElo "2529"]
[BlackElo "2610"]
[Annotator "ChessBase"]
[PlyCount "39"]
[EventDate "2019.06.27"]
[EventType "swiss"]
[EventCountry "RUS"]
[SourceTitle "playchess.com"]
[Source "ChessBase"]
[SourceQuality "1"]
[TimeControl "40/5400+30:1800+30"]

1. e4 e5 2. Nf3 Nc6 3. Bb5 Nf6 4. d3 Ne7 5. Nc3 c6 6. Bc4 d6 7. d4 exd4 8. Qxd4 Ng6 9. Ng5 Ne5 10. Bf4 Nfg4 11. h3 Qf6 12. hxg4 Qxf4 13. Nxh7 Bxg4 14. Be2 O-O-O 15. Qxa7 Bxe2 16. Qa8+ Kc7 17. Qa5+ Kc8 18. Qa8+ Kc7 19. Qa5+ Kc8 20. Qa8+ 1/2-1/2

[Event "72nd RUS-ch Higher League 2019"]
[Site "Yaroslavl"]
[Date "2019.07.01"]
[Round "5.17"]
[White "Kokarev, Dmitry"]
[Black "Samojlov, Anton"]
[Result "1-0"]
[ECO "B10"]
[WhiteElo "2609"]
[BlackElo "2350"]
[Annotator "ChessBase"]
[PlyCount "69"]
[EventDate "2019.06.27"]
[EventType "swiss"]
[EventCountry "RUS"]
[SourceTitle "playchess.com"]
[Source "ChessBase"]
[SourceQuality "1"]
[TimeControl "40/5400+30:1800+30"]

1. e4 c6 2. c4 d5 3. cxd5 cxd5 4. exd5 Nf6 5. Qa4+ Nbd7 6. Nc3 g6 7. Nf3 Bg7 8. Bc4 O-O 9. d3 a6 10. Qa3 b6 11. O-O Bb7 12. Re1 Re8 13. Ng5 b5 14. Bb3 Nb6 15. d6 e6 16. Nge4 h6 17. Nxf6+ Qxf6 18. Be3 Nd7 19. Rad1 Qh4 20. d4 Rad8 21. f3 Nf6 22. Bf2 Qg5 23. Re5 Bxf3 24. Rxg5 Bxd1 25. Rxg6 fxg6 26. Bxd1 e5 27. dxe5 Rxe5 28. Qxa6 Kh7 29. Bg3 Rf5 30. Bc2 Rh5 31. h3 b4 32. Ne4 Nd5 33. Bd1 Rf5 34. Bg4 Bd4+ 35. Bf2 1-0

[Event "72nd RUS-ch Higher League 2019"]
[Site "Yaroslavl"]
[Date "2019.07.01"]
[Round "5.18"]
[White "Truskavetsky, Alexandr"]
[Black "Romanov, Evgeny"]
[Result "1/2-1/2"]
[ECO "D20"]
[WhiteElo "2398"]
[BlackElo "2577"]
[Annotator "ChessBase"]
[PlyCount "90"]
[EventDate "2019.06.27"]
[EventType "swiss"]
[EventCountry "RUS"]
[SourceTitle "playchess.com"]
[Source "ChessBase"]
[SourceQuality "1"]
[TimeControl "40/5400+30:1800+30"]

1. d4 d5 2. c4 dxc4 3. e3 e5 4. Bxc4 exd4 5. exd4 Nf6 6. Qb3 Qe7+ 7. Ne2 Qb4+ 8. Nbc3 Qxb3 9. Bxb3 Be6 10. Bxe6 fxe6 11. Bf4 c6 12. O-O-O Nbd7 13. Rhe1 Bb4 14. a3 Ba5 15. b4 Bb6 16. Ng3 O-O 17. Bd6 Rfe8 18. Nge4 a5 19. Kb2 axb4 20. axb4 Nxe4 21. Nxe4 Ra4 22. Kb3 Rea8 23. Nc3 Ra3+ 24. Kc2 Kf7 25. b5 R3a7 26. bxc6 bxc6 27. Ne4 Ra2+ 28. Kb3 R2a5 29. Bb4 Rd5 30. Nd6+ Kg8 31. Rxe6 Bxd4 32. Ne4 c5 33. Bxc5 Nxc5+ 34. Nxc5 Rxc5 35. Rxd4 Rb8+ 36. Rb4 Rxb4+ 37. Kxb4 Rc2 38. Re3 Rxf2 39. Rg3 h5 40. Kc3 Kh7 41. Rg5 h4 42. h3 Rf4 43. Kd3 Kh6 44. Re5 g5 45. Ke3 Rf6 1/2-1/2

[Event "72nd RUS-ch Higher League 2019"]
[Site "Yaroslavl"]
[Date "2019.07.01"]
[Round "5.19"]
[White "Rozum, Ivan"]
[Black "Drygalov, Andrey"]
[Result "1-0"]
[ECO "A06"]
[WhiteElo "2572"]
[BlackElo "2494"]
[Annotator "ChessBase"]
[PlyCount "117"]
[EventDate "2019.06.27"]
[EventType "swiss"]
[EventCountry "RUS"]
[SourceTitle "playchess.com"]
[Source "ChessBase"]
[SourceQuality "1"]
[TimeControl "40/5400+30:1800+30"]

1. Nf3 d5 2. e3 Nf6 3. c4 e6 4. b3 c6 5. Bb2 Nbd7 6. d4 b6 7. Bd3 Bb7 8. Nc3 Bd6 9. O-O O-O 10. Qc2 Qe7 11. Rfe1 Rac8 12. e4 dxc4 13. Bxc4 e5 14. Rad1 Bb8 15. g3 b5 16. Bf1 Rfe8 17. Bg2 a6 18. h3 c5 19. dxe5 Nxe5 20. Nxe5 Bxe5 21. Nd5 Bxd5 22. exd5 Qd6 23. Bxe5 Rxe5 24. Rxe5 Qxe5 25. d6 Rd8 26. Qd3 Ne8 27. d7 Nf6 28. Bc6 Qc7 29. Qf3 Kf8 30. a4 b4 31. a5 c4 32. bxc4 b3 33. Ba4 Qxc4 34. Bxb3 Qb4 35. Ba2 Qa4 36. Rd2 Qb4 37. Rc2 Rxd7 38. Qa8+ Ne8 39. Re2 Re7 40. Rxe7 Qxe7 41. Qxa6 Qe1+ 42. Kg2 Qe4+ 43. Kh2 Qc2 44. Bd5 Qxf2+ 45. Bg2 Qc5 46. Qb6 Qe7 47. a6 g6 48. a7 Nc7 49. Qb7 Qd6 50. Bd5 Qe7 51. a8=Q+ Nxa8 52. Qxe7+ Kxe7 53. Bxa8 f5 54. Kg2 Kf6 55. Bf3 h5 56. Kf2 h4 57. g4 Kg5 58. Ke3 fxg4 59. hxg4 1-0